 Dungeon Sprint DCSS version 0.31-a0-521-gc7390f8997 (webtiles) character file.

Game seed: 18079356683101021605

686 rocky1 the Grappler (level 7, -8/44 HPs)
             Began as an Octopode Shapeshifter on Aug 11, 2023.
             Was an Initiate of Gozag.
             Mangled by a boulder beetle (26 damage)
             ... in the Dungeon (Sprint IX: "|||||||||||||||||||||||||||||").
             The game lasted 00:01:10 (552 turns).

rocky1 the Grappler (Octopode Shapeshifter)          Turns: 552, Time: 00:01:11

Health: -8/44      AC:  1    Str: 17    XL:     7   Next: 62%
Magic:  7/7        EV: 15    Int: 13    God:    Gozag
Gold:   567        SH:  0    Dex: 15    Spells: 6/6 levels left

rFire   . .          .
                       - Unarmed
rCold   . . .        (no shield)
rNeg    . . .        (helmet currently unavailable)
rPois   .            (no amulet)
rElec   .            l - +3 ring of strength
rCorr   .            m - +3 ring of dexterity
SInv    .            (no ring)
Will    .....        (no ring)
Stlth   ++++         (no ring)
HPRegen 0.27/turn    (no ring)
MPRegen 0.10/turn    (no ring)
                     (no ring)

%: no teleportation
@: beast-form, invisible
A: beast (slay +4), almost no armour, amphibious, 8 rings, camouflage 1,
gelatinous body 1, (nimble swimmer 1), tentacles
a: Begin Untransformation, Renounce Religion, Potion Petition, Call Merchant,
Bribe Branch


You were in the Dungeon.
You worshipped Gozag.
Gozag was pleased with you.
You were a hulking beast.
You visited 1 branch You collected 567 gold pieces.

Inventory:

Jewellery
 l - a +3 ring of strength (left tentacle)
 m - a +3 ring of dexterity (right tentacle)
Talismans
 b - a beast talisman (active)
 c - a flux talisman
Wands
 k - a wand of iceblast (10)
Scrolls
 i - 2 scrolls of blinking
 j - 2 scrolls of amnesia
Potions
 d - 4 potions of curing
 e - 2 potions of heal wounds
 f - a potion of haste
 g - 4 potions of magic


   Skills:
 + Level 1.8 Fighting
 + Level 5.0 Dodging
 + Level 6.9 Stealth
 + Level 10.5 Unarmed Combat
 + Level 9.4 Shapeshifting


You had 6 spell levels left.
You didn't know any spells.
Your spell library was empty.

Dungeon Overview and Level Annotations

Branches:
Dungeon (1/1)

Altars:
Cheibriados
Dithmenos
Elyvilon
Fedhas
Gozag
Hepliaklqana
Kikubaaqudgha
Makhleb
Nemelex Xobeh
Okawaru
Qazlal
Ru
Sif Muna
Trog
Uskayaw
Vehumet
Wu Jian
Xom
Yredelemnul
Zin
The Shining One
Jiyva
Lugonu


Innate Abilities, Weirdness & Mutations

You are a hulking beast.
Your limbs bulge with bestial killing power. (Slay +4)
You cannot wear most types of armour.
You are amphibious.
You can wear up to eight rings at the same time.
Your skin changes colour to match your surroundings (Stealth+).
Your rubbery body absorbs attacks. (AC +1, EV +1)
((You are camouflaged when in or above water. (Stealth+)))
You have tentacles for arms and can constrict up to eight enemies at once.


Message History

There is an open door to the Dungeon here.
Things that are here:
a +0 dagger; a +0 robe
Items here: ))) [[.
You open the door.
A boulder beetle, a cyclops, a cyan ugly thing, a centaur warrior, a two-headed ogre and a basilisk come into view.
The two-headed ogre shouts in stereo!
Unknown command.
You fade into invisibility!
The boulder beetle bites you.
There is an open door here.
The cyclops shouts!
The centaur warrior shouts!
The basilisk hisses angrily.
You tentacle-slap the boulder beetle. You squeeze the boulder beetle.
The boulder beetle is lightly wounded.
The boulder beetle closely misses you.
You tentacle-slap the boulder beetle but do no damage.
The cyan ugly thing gurgles horribly!
You squeeze the boulder beetle, but do no damage.
The boulder beetle is lightly wounded.
The centaur warrior shouts!
You tentacle-slap the boulder beetle.
The boulder beetle is lightly wounded.
You tentacle-slap the boulder beetle but do no damage.
The boulder beetle is lightly wounded.
The boulder beetle bites you!!
Ouch! That really hurt!
You tentacle-slap the boulder beetle but do no damage.
The boulder beetle is lightly wounded.
The cyclops shouts!
The cyan ugly thing gurgles horribly!
The boulder beetle barely misses you.
The centaur warrior wields a +0 shortbow.
The centaur warrior shoots an arrow.
The arrow hits the boulder beetle.
You tentacle-slap the boulder beetle.
The boulder beetle is lightly wounded.
The basilisk hisses angrily.
The centaur warrior shoots an arrow.
The arrow hits the boulder beetle!
The boulder beetle bites you!!
Ouch! That really hurt!
You die...
Your body crumbles into a pile of gold.

▓.▓
$
▓)▓
$ $
▓.▓
$
▓)▓
$
▓.▓
$
▓.▓
$ $
▓.▓
$
▓.▓
$
▓h▓
▓B▓
▓c▓
▓C▓
▓u▓
▓O▓
▓l▓
▓+▓


You could see a boulder beetle (unable to see you), a cyan ugly thing
(wandering, unable to see you), a centaur warrior (unable to see you), a
two-headed ogre (unable to see you), a cyclops (wandering, unable to see you)
and a basilisk (wandering, unable to see you).

Vanquished Creatures
  A troll (D)
  A wyvern (D)
  A water moccasin (D)
  An orc warrior (D)
  A howler monkey (D)
  A gnoll bouda (D)
  An iguana (D)
  2 orc wizards (D)
  A worm (D)
  An orc (D)
  A bat (D)
  An endoplasm (D)
  A giant cockroach (D)
  2 goblins (D)
16 creatures vanquished.

Notes
Turn   | Place    | Note
-------+----------+-------------------------------------------
     0 | D        | rocky1 the Octopode Shapeshifter began the quest for the
                  | Orb.
     0 | D        | Reached XP level 1. HP: 13/13 MP: 1/1
    17 | D        | Reached XP level 2. HP: 18/18 MP: 2/2
   119 | D        | Noticed a water moccasin
   138 | D        | Reached skill level 4 in Unarmed Combat
   138 | D        | Reached XP level 3. HP: 8/23 MP: 3/3
   142 | D        | Reached skill level 5 in Shapeshifting
   145 | D        | Killed a water moccasin
   146 | D        | Reached skill level 6 in Unarmed Combat
   146 | D        | Reached XP level 4. HP: 8/28 MP: 4/4
   146 | D        | Reached XP level 5. HP: 9/33 MP: 5/5
   244 | D        | Reached skill level 7 in Unarmed Combat
   260 | D        | Found a snail-covered altar of Cheibriados.
   260 | D        | Found a shadowy altar of Dithmenos.
   260 | D        | Found a white marble altar of Elyvilon.
   260 | D        | Found a blossoming altar of Fedhas.
   260 | D        | Found an opulent altar of Gozag.
   261 | D        | Found a hazy altar of Hepliaklqana.
   262 | D        | Found a viscous altar of Jiyva.
   263 | D        | Found an ancient bone altar of Kikubaaqudgha.
   264 | D        | Found a corrupted altar of Lugonu.
   265 | D        | Found a burning altar of Makhleb.
   266 | D        | Found a sparkling altar of Nemelex Xobeh.
   267 | D        | Found an iron altar of Okawaru.
   268 | D        | Became a worshipper of Gozag Ym Sagoz the Greedy
   269 | D        | Found a stormy altar of Qazlal.
   270 | D        | Found a sacrificial altar of Ru.
   271 | D        | Found a shimmering blue altar of Sif Muna.
   272 | D        | Found a bloodstained altar of Trog.
   273 | D        | Found a hide-covered altar of Uskayaw.
   274 | D        | Found a radiant altar of Vehumet.
   275 | D        | Found an ornate altar of the Wu Jian Council.
   276 | D        | Found a shimmering altar of Xom.
   277 | D        | Found a basalt altar of Yredelemnul.
   278 | D        | Found a glowing silver altar of Zin.
   279 | D        | Found a glowing golden altar of the Shining One.
   305 | D        | Noticed a wyvern
   305 | D        | Noticed an orc warrior
   305 | D        | Noticed a troll
   313 | D        | Killed a wyvern
   314 | D        | Reached skill level 5 in Stealth
   314 | D        | Reached skill level 8 in Unarmed Combat
   314 | D        | Reached XP level 6. HP: 38/38 MP: 6/6
   319 | D        | Killed an orc warrior
   320 | D        | Reached skill level 9 in Unarmed Combat
   320 | D        | Reached XP level 7. HP: 43/43 MP: 7/7
   322 | D        | Killed a troll
   323 | D        | Reached skill level 5 in Dodging
   323 | D        | Reached skill level 10 in Unarmed Combat
   544 | D        | Noticed a boulder beetle
   544 | D        | Noticed a cyclops
   544 | D        | Noticed a cyan ugly thing
   544 | D        | Noticed a centaur warrior
   544 | D        | Noticed a two-headed ogre
   544 | D        | Noticed a basilisk
   552 | D        | Mangled by a boulder beetle

Illustrated notes

Levels and vault maps discovered:
D:        linesprint [early_d, line_temple, items_1, d_10, items_2, lair_1,
          lair_end, items_3, orc_1, orc_end, items_4, d_15, swamp_1, shoals_1,
          snake_1, spider_1, d_20, vaults_1, items_5, swamp_end, shoals_end,
          snake_end, spider_end, vaults_end, d_27, items_6, zot_1, zot_end,
          crypt_end, forest_end, elf_end, slime_end, tomb_end, abyss_end,
          pan_hell_end]

Skill      XL: |  1  2  3  4  5  6  7 |
---------------+----------------------+-----
Stealth        | 2 4 5 6 |  6.9
Unarmed Combat | 4 6 8 9 10 | 10.5
Shapeshifting  | 4 6 8 9 |  9.4
Dodging        | 3 4 5 |  5.0
Fighting       | |  1.8

Action                     |  1- 3 |  4- 6 |  7- 9 || total
---------------------------+-------+-------+-------++-------
  Melee: Unarmed           |    33 |    14 |    15 ||    62
         Constrict         |     3 |     3 |       ||     6
         Tentacles         |     1 |     4 |     4 ||     9
         Punch             |     1 |     1 |       ||     2
    Use: Potion            |     2 |     1 |     2 ||     5
   Stab: Sleeping          |     3 |       |       ||     3
 Armour: Skin              |    12 |       |     2 ||    14
  Dodge: Dodged            |     4 |     9 |     5 ||    18

Table legend: (Time is in decaauts)
 A = Elapsed time spent in this place.
 B = Non-inter-level travel time spent in this place.
 C = Inter-level travel time spent in this place.
 D = Time resting spent in this place.
 E = Time spent auto-exploring this place.
 F = Levels seen in this place.
 G = Mean time per level.
                   A        B        C        D        E       F      G
               +--------+--------+--------+--------+--------+-----+--------+
         Total |    549 |    549 |      0 |    400 |      0 |   1 |  549.0 |
       Dungeon |    549 |    549 |      0 |    400 |      0 |   1 |  549.0 |
               +--------+--------+--------+--------+--------+-----+--------+

Top non-repeatable levels by time:
       D: 549 daAuts
